 Dungeon Crawl Stone Soup version 0.31-a0-1111-ga3525b893c (webtiles) character file.

Game seed: 2131131337951204660

3 kae the Vexing (level 1, 0/13 HPs)
             Began as a Demonspawn Enchanter on Dec 3, 2023.
             Slain by a hobgoblin (4 damage)
             ... on level 1 of the Dungeon.
             The game lasted 00:00:07 (221 turns).

kae the Vexing (Demonspawn Enchanter)                Turns: 221, Time: 00:00:08

Health: 0/13       AC:  2    Str:  8    XL:     1   Next: 41%
Magic:  3/3        EV: 12    Int: 15    God:
Gold:   2          SH:  0    Dex: 13    Spells: 4/4 levels left

rFire   . . .        a - +1 dagger
rCold   . . .        (no shield)
rNeg    . . .        b - +0 robe
rPois   .            (no helmet)
rElec   .            (no cloak)
rCorr   .            (no gloves)
SInv    .            (no boots)
Will    .....        (no amulet)
Stlth   ++           (no ring)
HPRegen 0.22/turn    (no ring)
MPRegen 0.08/turn

%: no passive effects
@: no status effects
A: no striking features
a: no special abilities


You were on level 1 of the Dungeon.
You visited 1 branch of the dungeon, and saw 1 of its levels.

You collected 2 gold pieces.


   Skills:
 + Level 0.1 Fighting
 * Level 1.0 Short Blades
 - Level 1.7 Dodging
 * Level 2.7 Stealth
 + Level 2.0 Spellcasting
 + Level 3.0 Hexes


You had 4 spell levels left.
You didn't know any spells.
Your spell library contained the following spells:

 Spells                   Type           Power      Damage    Failure   Level
 Ensorcelled Hibernation  Hex/Ice        12%        N/A       19%         2
 Confusing Touch          Hex            10%        N/A       19%         3
 Tukima's Dance           Hex            10%        N/A       19%         3
 Dazzling Flash           Conj/Hex       12%        N/A       34%         3

Inventory:

Hand Weapons
 a - a +1 dagger (weapon)
Missiles
 d - 5 stones
Armour
 b - a +0 robe (worn)
Scrolls
 e - a scroll of teleportation {unknown}
 f - a scroll of vulnerability {unknown}
Potions
 c - 2 potions of invisibility

Dungeon Overview and Level Annotations

Branches:
Dungeon (1/15) Zot: 5778

Altars:

#############
###.............
................
................
.................
.................
......gK.........
.......@.........
.......#.........
######.+.........
###.........
#####'########
+...........>#
#####..#####.#
#...##.#####.#
######+#.##.....#.#######


You could see a hobgoblin and a kobold.


Message History

Options error: Missing colour in message_colour setting: 'and you must be Full or above to equip it' Options error: Missing colour in message_colour setting: 'but rights himself reflexively soon after' Options error: Missing colour in message_colour setting: 'before it is too late' ✅ Successfully initialized magus.rc [v1.11.3] Welcome, kae the Demonspawn Enchanter.
The wondrous Orb of Zot lies far below, as if waiting for you to find it.
Press ? for a list of commands and other information.
Found a maw talisman.
Found a staircase leading out of the dungeon.
You now have 2 gold pieces.
A kobold comes into view. It is wielding a +0 dagger.
The kobold shouts!
Unknown command.
A kobold is nearby!
A kobold is nearby!
A quokka comes into view.
There are monsters nearby!
You hit the kobold. The kobold closely misses you.
You closely miss the kobold.
The kobold hits you with a +0 dagger. 😕 HP[-2]
You take 2 damage, and now have 11/13 hp.
There are monsters nearby!
You hit the kobold.
You kill the kobold!
You hit the quokka but do no damage. The quokka bites you.
You hit the quokka. The quokka barely misses you.
You hit the quokka but do no damage. You punch the quokka, but do no damage.
The quokka bites you. 😮 HP[-3]
You take 3 damage, and now have 8/13 hp.
MASSIVE DAMAGE!! (PAUSE)
You are too injured to fight recklessly!
You are too injured to fight recklessly!
You are too injured to fight recklessly!
You are too injured to fight recklessly!
You hit the quokka. The quokka barely misses you.
You hit the quokka.
You kill the quokka!
Your Short Blades skill increases to level 1! 😮 HP[+1] Unknown command.
d - 5 stones
Things that are here:
a +0 dagger; a quokka corpse; a kobold corpse
Found a stone staircase leading down. 😎 HP[+4]
Your hp is fully restored (13).
No target in view!
No target in view!
Found a stone staircase leading down.
Key pressed, stopping explore.
No target in view!
No target in view!
e - a scroll labelled RUDUDEEDIPH No target in view!
No target in view!
There is a stone staircase leading down here.
f - a scroll labelled KATWOL OGH No target in view!
No target in view!
You open the door.
A kobold comes into view. It is wielding a +0 dagger.
There is an open door here.
A kobold is nearby!
A hobgoblin comes into view.
The kobold shouts!
A ball python comes into view.
There are monsters nearby!
The ball python hisses angrily.
You hit the kobold but do no damage. The kobold barely misses you.
You closely miss the ball python. The kobold barely misses you.
The ball python completely misses you. The ball python barely misses you.
There are monsters nearby!
There are monsters nearby!
You hit the ball python.
You kill the ball python!
The kobold hits you with a +0 dagger.
You closely miss the hobgoblin. The kobold hits you with a +0 dagger.
The hobgoblin hits you.
There are monsters nearby!
You are too injured to fight recklessly!
You are too injured to fight recklessly! 😮 HP[-4]
You take 4 damage, and now have 9/13 hp.
MASSIVE DAMAGE!! (PAUSE)
You are too injured to fight recklessly!
You are too injured to fight recklessly!
You are too injured to fight recklessly!
You are too injured to fight recklessly!
You closely miss the hobgoblin. The kobold closely misses you.
The hobgoblin misses you.
You barely miss the hobgoblin. The kobold hits you with a +0 dagger.
The hobgoblin hits you.
* * * LOW HITPOINT WARNING * * *
😨 HP[-5]
You take 5 damage, and now have 4/13 hp.
MASSIVE DAMAGE!! (PAUSE)
You closely miss the hobgoblin. The kobold barely misses you.
The hobgoblin hits you.
You die...

Skill      XL: |  1 |
---------------+----+-----
Short Blades   | 1 |  1.0
Fighting       | |  0.1
Dodging        | |  1.7
Stealth        | |  2.7
Spellcasting   | |  2.0
Hexes          | |  3.0

Action                     || total
---------------------------++-------
  Melee: Dagger            ||    15
         Punch             ||     1
 Armour: Robe              ||     9
  Dodge: Dodged            ||    10

Levels and vault maps discovered:
D:1:      dpeg_arrival_oval, layout_basic, chequers_decorated_corner

Notes
Turn   | Place    | Note
-------+----------+-------------------------------------------
     0 | D:1      | kae the Demonspawn Enchanter began the quest for the Orb.
     0 | D:1      | Reached XP level 1. HP: 13/13 MP: 3/3
     0 | D:1      | magus.rc [v1.11.3]
    42 | D:1      | Reached skill level 1 in Short Blades
   221 | D:1      | Slain by a hobgoblin

Vanquished Creatures
  A kobold (D:1)
  A quokka (D:1)
  A ball python (D:1)
3 creatures vanquished.

Table legend:
 A = Non-vault XP
 B = Vault XP
 C = Vault XP percentage of total XP
 D = Non-vault monster count
 E = Vault monster count
 F = Vault count percentage of total count
                 A         B        C        D         E       F
            +---------+---------+-------+---------+---------+-------
      Total |       5 |       0 |   0.0 |       3 |       0 |   0.0
            +---------+---------+-------+---------+---------+-------
        D:1 |       5 |       0 |   0.0 |       3 |       0 |   0.0
            +---------+---------+-------+---------+---------+-------

Skill      XL: |  1 |
---------------+----+-----
Short Blades   | 1 |  1.0
Fighting       | |  0.1
Dodging        | |  1.7
Stealth        | |  2.7
Spellcasting   | |  2.0
Hexes          | |  3.0

Action                     || total
---------------------------++-------
  Melee: Dagger            ||    15
         Punch             ||     1
 Armour: Robe              ||     9
  Dodge: Dodged            ||    10

Illustrated notes

Table legend:
 A = Kills in this place as a percentage of kills in the entire game.
 B = Kills by you in this place as a percentage of kills by you in the entire game.
 C = Kills by friends in this place as a percentage of kills by friends in the entire game.
 D = Other kills in this place as a percentage of other kills in the entire game.
 E = Experience gained in this place as a percentage of experience gained in the entire game.
 F = Experience gained in this place divided by the number of levels of this place that you have seen.
                   A       B       C       D       E      F
               +-------+-------+-------+-------+-------+----------------------
         Total | 100.0 | 100.0 |   N/A |   N/A | 100.0 |   5.0
       Dungeon | 100.0 | 100.0 |   N/A |   N/A | 100.0 |   5.0
               +-------+-------+-------+-------+-------+----------------------

Table legend: (Time is in decaauts)
 A = Elapsed time spent in this place.
 B = Non-inter-level travel time spent in this place.
 C = Inter-level travel time spent in this place.
 D = Time resting spent in this place.
 E = Time spent auto-exploring this place.
 F = Levels seen in this place.
 G = Mean time per level.
                   A        B        C        D        E       F      G
               +--------+--------+--------+--------+--------+-----+--------+
         Total |    220 |    220 |      0 |      0 |    193 |   1 |  220.0 |
       Dungeon |    220 |    220 |      0 |      0 |    193 |   1 |  220.0 |
               +--------+--------+--------+--------+--------+-----+--------+

Top non-repeatable levels by time:
     D:1: 220 daAuts
